 Dungeon Crawl Stone Soup version 0.30-a0-311-gf115ab0292 (webtiles) character file.

Game seed: 601523050581406485

7 blackman the Sneak (level 2, 0/24 HPs)
             Began as a Human Delver on Oct 25, 2022.
             Was an Initiate of Ashenzari.
             Slain by an iguana (8 damage)
             ... on level 4 of the Dungeon.
             The game lasted 00:01:37 (248 turns).

blackman the Sneak (Human Delver)                    Turns: 248, Time: 00:01:37

Health: 0/24       AC:  3    Str: 12    XL:     2   Next: 10%
Magic:  4/4        EV: 12    Int: 10    God:    Ashenzari [......]
Gold:   8          SH:  0    Dex: 14    Spells: 3/3 levels left

rFire   . . .      SeeInvis .    e - +0 long sword
rCold   . . .      Faith    .    (no shield)
rNeg    . . .      Spirit   .    b - +0 leather armour
rPois   .          Reflect  .    (no helmet)
rElec   .          Harm     .    (no cloak)
rCorr   .          Rampage  .    (no gloves)
Will    .....                    (no boots)
Stlth   +++.......               (no amulet)
HPRegen 0.24/turn                (no ring)
MPRegen 0.09/turn                (no ring)

@: hasted, very quick
A: no striking features
a: Renounce Religion


You were on level 4 of the Dungeon.
You worshipped Ashenzari.
Ashenzari was noncommittal.
You visited 2 branches of the dungeon, and saw 3 of its levels.

You collected 8 gold pieces.

Inventory:

Hand Weapons
 a - a +0 spear
 e - a +0 long sword (weapon)
Armour
 b - a +0 leather armour (worn)
Wands
 g - a wand of digging (3)
Scrolls
 c - a scroll of fog
Potions
 d - a potion of ambrosia {unknown}


   Skills:
 - Level 3.0 Fighting
 - Level 2.0 Polearms
 - Level 2.0 Dodging
 - Level 5.0 Stealth
 * Level 1.4 Spellcasting


You had 3 spell levels left.
You didn't know any spells.
Your spell library contained the following spells:

 Spells                   Type           Power      Damage    Failure   Level
 Apportation              Tloc           0%         N/A       38%         1
 Alistair's Intoxication  Tmut/Pois      0%         N/A       100%        5


Dungeon Overview and Level Annotations

Branches:
Dungeon (5/15)             Temple (1/1) D:5

Altars:
Ashenzari
Cheibriados
Dithmenos
Elyvilon
Fedhas
Gozag
Hepliaklqana
Makhleb
Nemelex Xobeh
Qazlal
Ru
Sif Muna
Trog
Uskayaw
Vehumet
Wu Jian
Xom
Yredelemnul
The Shining One


Message History

No target in view!
An iguana comes into view.
An iguana is nearby!
An iguana is nearby!
The iguana hisses angrily.
Unknown command.
Things that are here:
a +0 hand axe; an orc corpse You feel yourself speed up.
The iguana misses you.
You hit the iguana.
The iguana is lightly wounded.
The iguana bites you!
You hit the iguana but do no damage.
The iguana is lightly wounded.
The iguana barely misses you.
You closely miss the iguana.
The iguana is lightly wounded.
The iguana bites you.
You hit the iguana but do no damage.
The iguana is lightly wounded.
The iguana bites you.
You closely miss the iguana.
The iguana is lightly wounded.
The iguana completely misses you.
You hit the iguana but do no damage.
The iguana is lightly wounded.
You hit the iguana but do no damage.
The iguana is lightly wounded.
The iguana bites you!
You closely miss the iguana.
The iguana is lightly wounded.
The iguana closely misses you.
You hit the iguana.
The iguana is heavily wounded.
The iguana closely misses you.
You completely miss the iguana. You punch the iguana.
The iguana is heavily wounded.
The iguana bites you!
You die...

############ ########
#.......l@.# #.l.....
#.########.########.###..#
#.# #..........#.)..) #l#
###############.####
#.#####...................
#...l...#############.###.
######### #.# #. #.# #.
#.# #.


You could see an iguana.

Vanquished Creatures
  3 orcs (D:4)
  A hobgoblin (D:4)
4 creatures vanquished.

Notes
Turn   | Place    | Note
-------+----------+-------------------------------------------
     0 | D:5      | blackman the Human Delver began the quest for the Orb.
     0 | D:5      | Reached XP level 1. HP: 18/18 MP: 1/1
     3 | Temple   | Entered the Ecumenical Temple
    31 | Temple   | Became a worshipper of Ashenzari the Shackled
    54 | D:5      | Noticed a jelly
    86 | D:5      | Noticed a hound
    87 | D:5      | Noticed a necrophage
   117 | D:4      | Reached skill level 1 in Spellcasting
   123 | D:4      | Reached XP level 2. HP: 15/24 MP: 1/3
   248 | D:4      | Slain by an iguana

Illustrated notes

Levels and vault maps discovered:
D:4:      layout_basic, ebering_ghost_reflecting_pool, serial_shops,
          nicolae_shop_overgrown_old_shop, st_stairs_2
D:5:      layout_loops_ring, temple_statues, sigmund_edmund_badplayer
Temple:   hellmonk_temple_of_storms

Skill      XL: |  1 |
---------------+----+-----
Spellcasting   | 1 |  1.4
Fighting       | |  3.0
Polearms       | |  2.0
Dodging        | |  2.0
Stealth        | |  5.0

Action                   || total
-------------------------++-------
Melee: Long sword        ||    19
       Punch             ||     1
  Use: Scroll            ||     2
       Potion            ||     1
 Stab: Sleeping          ||     3
Dodge: Dodged            ||     8

Table legend: (Time is in decaauts)
 A = Elapsed time spent in this place.
 B = Non-inter-level travel time spent in this place.
 C = Inter-level travel time spent in this place.
 D = Time resting spent in this place.
 E = Time spent auto-exploring this place.
 F = Levels seen in this place.
 G = Mean time per level.
                   A        B        C        D        E       F      G
               +--------+--------+--------+--------+--------+-----+--------+
         Total |    249 |    233 |     16 |      0 |     82 |   3 |   83.0 |
       Dungeon |    205 |    205 |      0 |      0 |     71 |   2 |  102.5 |
        Temple |     43 |     27 |     16 |      0 |     11 |   1 |   43.0 |
               +--------+--------+--------+--------+--------+-----+--------+

Top non-repeatable levels by time:
     D:4: 156 daAuts
     D:5: 49 daAuts
  Temple: 43 daAuts
